[Event "*** Titled Tuesday Blitz"]
[Site "Chess.com"]
[Date "2020.11.10"]
[Round "8"]
[White "PavelShkapenko"]
[Black "Supernotar"]
[Result "0-1"]
[WhiteElo "2663"]
[BlackElo "2855"]
[TimeControl "180+1"]
[EndTime "11:34:00 PST"]
[Termination "Supernotar won on time"]

1. e4 c6 2. d4 d5 3. e5 Bf5 4.
h4 h5 5. Bd3 Bxd3 6. Qxd3 e6 7.
Bg5 Qa5+ 8. Nd2 Qa6 9. c4 Bb4 10.
b3 Ne7 11. Ne2 Nd7 12. O-O Nf5 13. Ng3 Nxg3 14. fxg3 O-O 15. a3 Bxd2 16. Bxd2 c5 17. Qf3 dxc4 18. dxc5 Nxe5 19. Qxh5 Ng6 20. Qe2 cxb3 21.
Qxa6 bxa6 22. Rab1 Rab8 23. Rfc1 Rfc8 24. Rc3 b2 25.
Rc2 Rb5 26. Rbxb2 Rcxc5 27. Bb4 Rxc2 28. Rxc2 Ne5 29. Rc5 Nd3 30. Rc8+ Kh7 31. Rc4 Nxb4 32. axb4 a5 33. bxa5 Rxa5 34. Kf2 Ra2+ 35. Kf3 a5 36. g4 a4 37. g5 a3 38. Ra4 Ra1 39. Kg4 a2 40. g3 e5 41. h5 e4 42. Ra7 e3 43. Rxf7 e2 44. g6+ Kg8 45. Re7 e1=Q 0-1

[Event "*** Titled Tuesday Blitz"]
[Site "Chess.com"]
[Date "2020.11.10"]
[Round "8"]
[White "Volodar_Murzin"]
[Black "andrzej"]
[Result "1-0"]
[WhiteElo "2563"]
[BlackElo "2381"]
[TimeControl "180+1"]
[EndTime "11:34:00 PST"]
[Termination "Volodar_Murzin won on time"]

1. d4 Nf6 2. Nf3 e6 3. Bg5 c5 4.
e3 Qb6 5. Na3 Qxb2 6. Nb5 Na6 7.
a3 Ne4 8. Rb1 Qa2 9. Bh4 Qd5 10.
c4 Qh5 11. Bd3 f5 12. Bg3 Nxg3 13. fxg3 Be7 14. O-O O-O 15. Qc2 cxd4 16. exd4 b6 17. Ne5 Bb7 18. Nxd7 Rfd8 19. Ne5 Rac8 20. g4 Qg5 21. Qe2 Bf6 22. Rf2 Nc7 23. Nxa7 Ra8 24. Nac6 Re8 25. Rxb6 Ba6 26. gxf5 exf5 27. g3 Bxe5 28.
Nxe5 Ne6 29. Qd2 Qxd2 30. Rxd2 Nxd4 31. Bf1 Rxe5 32. Rxd4 Ree8 33. Rd7 g6 34. Rc7 Bc8 35. c5 Be6 36. Rxe6 Rxe6 37. Bc4 Rxa3 38. Bxe6+ Kf8 39. Bd5 Rc3 40. Kg2 Ke8 41. Bf3 Kd8 42. Rc6 1-0

[Event "*** Titled Tuesday Blitz"]
[Site "Chess.com"]
[Date "2020.11.10"]
[Round "8"]
[White "tdf98pantani"]
[Black "BigAl"]
[Result "1-0"]
[WhiteElo "2714"]
[BlackElo "2482"]
[TimeControl "180+1"]
[EndTime "11:34:01 PST"]
[Termination "tdf98pantani won on time"]

1. d4 Nf6 2. c4 g6 3. Nc3 Bg7 4. e4 O-O 5. Be2 d6 6. Be3 c5 7. d5 e6 8. Nf3 exd5 9. cxd5 Bg4 10.
O-O Bxf3 11. Bxf3 Nbd7 12. g3 Re8 13. Bg2 a6 14. a4 Ne5 15. h3 c4 16. Qc2 Rc8 17.
a5 Nfd7 18. f4 Nd3 19. e5 N7c5 20. Kh2 dxe5 21. f5 e4 22. h4 Be5 23. Bh3 Qxh4 24.
Bf4 Bxf4 25. Rxf4 Qg5 26. fxg6 hxg6 27. Rg4 Qe3 28. d6 Qf2+ 29. Qxf2 Nxf2 30. Rf4 Nxh3 31.
Kxh3 Kg7 32. Rd1 Rcd8 33. Rd5 Nd3 34. Rxe4 Rh8+ 35. Kg2 Nxb2 36. Re7 Rh5 37. Rd4 Rxa5 38. d7 Ra3 39. Re8 Rxd7 40. Rxd7 Rxc3 41. Ree7 Rc2+ 42. Kf3 Nd3 43. Rxf7+ Kh6 44. Rh7+ Kg5 45. Rd5+ Kf6 46. Rxb7 Ne5+ 47. Ke4 Re2+ 48. Kd4 Rd2+ 49. Kc5 Rxd5+ 50. Kxd5 Nf3 51. Rb4 Nd2 52. Kd4 1-0

[Event "*** Titled Tuesday Blitz"]
[Site "Chess.com"]
[Date "2020.11.10"]
[Round "8"]
[White "Azerichess"]
[Black "Shtembuliak"]
[Result "1-0"]
[WhiteElo "2978"]
[BlackElo "2866"]
[TimeControl "180+1"]
[EndTime "11:34:02 PST"]
[Termination "Azerichess won by resignation"]

1. d4 g6 2. e4 d6 3. h4 Nf6 4. Nc3 Bg7 5. Be2 c5 6. dxc5 Qa5 7. Kf1 Qxc5 8. a3 Nc6 9. Be3 Qa5 10.
h5 gxh5 11. Bxh5 Be6 12. Be2 h5 13. f3 d5 14. exd5 Nxd5 15. Nxd5 Bxd5 16. b4 Qd8 17. c4 Be6 18. Rb1 Nd4 19. Bd3 Nf5 20. Bf2 Qc7 21. Ne2 O-O-O 22. Qc2 Nd4 23. Nxd4 Bxd4 24. c5 h4 25. Be4 Bxf2 26. Qxf2 f5 27. Bc2 Bc4+ 28. Kg1 e6 29. Rxh4 Bd5 30. Rd1 Rxh4 31. Qxh4 Qg7 32.
Qd4 Qh6 33. Qe5 Rh8 34. Rxd5 Qh1+ 35. Kf2 Qh4+ 36. Ke2 Qc4+ 37. Bd3 Qa2+ 38. Ke3 f4+ 39. Kxf4 Rf8+ 40. Ke3 Qxd5 41. Qxd5 exd5 42. g4 Kc7 43. f4 b6 44. cxb6+ axb6 45. g5 Kd6 46. f5 Ke5 47. f6 Ke6 48. Kf4 Rh8 49. Bf5+ Kf7 50. Ke5 Re8+ 51. Kxd5 Re3 52. a4 Ra3 53. Ke5 Re3+ 54. Be4 Rb3 55. g6+ Kf8 56. g7+ 1-0

[Event "*** Titled Tuesday Blitz"]
[Site "Chess.com"]
[Date "2020.11.10"]
[Round "8"]
[White "BanjoKazooieN64"]
[Black "Mr_Sinigami"]
[Result "0-1"]
[WhiteElo "2393"]
[BlackElo "2533"]
[TimeControl "180+1"]
[EndTime "11:34:02 PST"]
[Termination "Mr_Sinigami won by resignation"]

1. e4 d5 2. Nc3 Nf6 3. e5 Nfd7 4. d4 c5 5. f4 Nc6 6. Nf3 e6 7. Be3 a6 8. Qd2 b5 9. dxc5 Nxc5 10. Qf2 b4 11. Bxc5 bxc3 12. b3 Qa5 13. Bxf8 Kxf8 14.
Bd3 Bd7 15. O-O Nb4 16. Nd4 g6 17. Kh1 Kg7 18. Be2 Rhf8 19. Qg3 f5 20. exf6+ Rxf6 21. Qxc3 Rc8 22. Qd2 Qc5 23. c3 Qxc3 24. Qxc3 Rxc3 25. g3 Rf8 26. a3 Nc6 27. Nf3 Rxb3 28. Bxa6 Ra8 29.
Be2 Raxa3 30. Rxa3 Rxa3 31. Rb1 Kf6 32. Rb7 Ke7 33.
Bb5 Kd6 34. Rxd7+ Kxd7 35. Ne5+ Kd6 36. Bxc6 g5 37. Bb5 gxf4 38. gxf4 Ra2 39. Kg1 Kc5 40. Bd7 Kd6 41. Bc8 d4 42. Nf3 d3 43. f5 e5 44. Kf1 e4 45. Ne1 Ra1 46. Kf2 d2 0-1

[Event "*** Titled Tuesday Blitz"]
[Site "Chess.com"]
[Date "2020.11.10"]
[Round "8"]
[White "catzapto"]
[Black "Harry_Rakkel"]
[Result "0-1"]
[WhiteElo "2148"]
[BlackElo "2527"]
[TimeControl "180+1"]
[EndTime "11:34:02 PST"]
[Termination "Harry_Rakkel won by resignation"]

1. e4 c5 2. Nf3 e6 3. c3 Nf6 4.
e5 Nd5 5. d4 cxd4 6. cxd4 Nc6 7. Nc3 Nxc3 8. bxc3 d6 9. Bb5 Bd7 10. O-O dxe5 11. Bxc6 Bxc6 12. Nxe5 Rc8 13. Nxc6 Rxc6 14. Qb3 Qd7 15. Bf4 Be7 16. Rab1 b6 17. a4 O-O 18. a5 bxa5 19. Qb7 Rd8 20. Qxd7 Rxd7 21. Rb8+ Bd8 22. Rfb1 Kf8 23. Bd2 Rb6 24. Kf1 Ke7 25. Ke2 Bc7 26.
Rb7 Kd8 27. Kd3 Kc8 28. R7xb6 axb6 29. c4 Kb7 30. c5 Kc6 31. cxb6 Bxb6 32. Kc4 Rxd4+ 33.
Kc3 Rd5 34. Be3 Bxe3 35. fxe3 Rc5+ 36. Kd4 Rb5 37. Rc1+ Kb7 38. Rc2 a4 39. e4 a3 40.
Ra2 Ra5 41. Kc4 Kc6 42. Kb4 Ra8 43. Kc4 Kd6 44. Kd4 Ra4+ 45. Ke3 Ke5 46. g3 Rxe4+ 47. Kf3 Ra4 48. h3 h5 49. g4 hxg4+ 50. hxg4 g5 51.
Re2+ Kf6 52. Ra2 e5 53. Ke3 Ke6 54. Kd3 Rxg4 55. Ke3 Ra4 56. Kf3 f5 57. Ke3 g4 58.
Kf2 f4 59. Ke2 Kf5 60. Kf2 e4 61. Ke2 g3 62. Kf1 Kg4 63. Kg1 f3 64. Rg2 a2 65.
Rxa2 Rxa2 0-1

[Event "*** Titled Tuesday Blitz"]
[Site "Chess.com"]
[Date "2020.11.10"]
[Round "8"]
[White "NateSolon"]
[Black "QuintilianoR"]
[Result "1-0"]
[WhiteElo "2489"]
[BlackElo "2675"]
[TimeControl "180+1"]
[EndTime "11:34:03 PST"]
[Termination "NateSolon won on time"]

1. d4 Nf6 2. c4 e5 3. dxe5 Ng4 4.
e3 Nxe5 5. Nh3 Nbc6 6. Nf4 Ng6 7. Nd5 Bc5 8. Nbc3 O-O 9. g3 d6 10. Bg2 Nge5 11. O-O Nxc4 12. b3 Nb6 13. Bb2 Nxd5 14.
Nxd5 Be6 15. a3 Bb6 16. Rc1 Bd7 17. Qc2 Rc8 18. Be4 f5 19. Bg2 Be6 20. Nf4 Bf7 21.
Qc3 Qg5 22. h4 Qh6 23. Rfd1 Rb8 24. Nd5 Rfe8 25. Qc2 Be6 26. Nf4 Bd7 27. Bd5+ Kh8 28. Nh3 Ne5 29. Ng5 Re7 30. Bxe5 dxe5 31. Nf7+ Rxf7 32.
Bxf7 Bc6 33. Bd5 Bd7 34. Bg2 Be6 35. Bd5 Bc8 36. Be4 Qf6 37. Bg2 c6 38. Rd2 Be6 39. Rcd1 Qf7 40. b4 e4 41. Qc3 h6 42. Bf1 Kh7 43. Rd6 Bc7 44. R6d2 Qg6 45. Kh2 Rf8 46. Bh3 f4 47. exf4 Bxh3 48. Kxh3 Qf5+ 49. Kg2 Qh5 50.
Qe3 Bxf4 51. Qxe4+ Kh8 52. Rd8 1-0

[Event "*** Titled Tuesday Blitz"]
[Site "Chess.com"]
[Date "2020.11.10"]
[Round "8"]
[White "DishonorOnYourCow"]
[Black "Kazmin_Dmitrij"]
[Result "1-0"]
[WhiteElo "2388"]
[BlackElo "2267"]
[TimeControl "180+1"]
[EndTime "11:34:03 PST"]
[Termination "DishonorOnYourCow won on time"]

1. d4 f5 2. c4 Nf6 3. g3 g6 4.
Nh3 Bg7 5. Bg2 O-O 6. Nf4 Nc6 7.
O-O e5 8. dxe5 Nxe5 9. Nd5 c6 10. Nxf6+ Qxf6 11. c5 b6 12. cxb6 axb6 13. Nc3 d5 14. Bf4 Nc4 15. Rb1 Be6 16. Na4 g5 17. Bc1 f4 18. b3 Bf5 19. e4 fxe3 20. fxe3 Nd6 21. Bb2 Qg6 22. Bxg7 Qxg7 23. Rc1 b5 24. Nc5 Rxa2 25.
Qd4 Qxd4 26. exd4 Ne8 27. Nb7 Bd3 28. Rxf8+ Kxf8 29. Rxc6 Ra1+ 30. Kf2 Ra2+ 31. Ke3 Be4 32. Bxe4 dxe4 33. Kxe4 Ke7 34. d5 Nf6+ 35. Ke5 Re2+ 36. Kd4 Rd2+ 37. Ke3 Rxd5 38. Rc7+ Ke6 39. b4 Kf5 40.
Nc5 Re5+ 41. Kf3 Nd5 42. Rxh7 Kg6 43. Rb7 Re3+ 44. Kf2 Rc3 45. Rxb5 Rc2+ 46. Kf3 Nc3 47. Rb6+ Kf7 48. h3 Nd5 49. Rb7+ Ke8 50. Ne4 1-0

[Event "*** Titled Tuesday Blitz"]
[Site "Chess.com"]
[Date "2020.11.10"]
[Round "8"]
[White "enriquetejedor"]
[Black "Chuchofrio1"]
[Result "1-0"]
[WhiteElo "2481"]
[BlackElo "2317"]
[TimeControl "180+1"]
[EndTime "11:34:04 PST"]
[Termination "enriquetejedor won on time"]

1. e4 c5 2. b4 cxb4 3. a3 e5 4. axb4 Bxb4 5. Ba3 Bxa3 6. Rxa3 Nc6 7. Bc4 Nf6 8. Nc3 a6 9. Nge2 b5 10. Bxb5 Bb7 11. Bc4 Qe7 12. Qa1 Nd4 13. Qb2 Nxc2+ 14. Qxc2 Qxa3 15. O-O O-O 16. Ng3 Qc5 17. d3 Rac8 18. Qa2 g6 19. Kh1 d6 20. h3 Qb4 21.
Nce2 Qc5 22. f4 exf4 23. Nxf4 Qe3 24. Rf3 Qc1+ 25. Kh2 Kg7 26. Qf2 Ne8 27. Nfh5+ Kh6 28. Nf4 d5 29. Nge2 Qd2 30. Qh4+ Kg7 31. Ne6+ fxe6 32. Qe7+ Kh6 33. Qxf8+ Kh5 34. Ng3+ Kg5 35. Qe7+ Kh6 36. Qxb7 Qg5 37. Qxc8 Nf6 38. Qxe6 Ng4+ 39.
Qxg4 Qe7 40. Nf5+ gxf5 41. Rxf5 Qd6+ 42. e5 Qe7 43. Rf6+ 1-0

[Event "*** Titled Tuesday Blitz"]
[Site "Chess.com"]
[Date "2020.11.10"]
[Round "8"]
[White "JiiHart"]
[Black "Boudicca64"]
[Result "1-0"]
[WhiteElo "2075"]
[BlackElo "1830"]
[TimeControl "180+1"]
[EndTime "11:34:05 PST"]
[Termination "JiiHart won on time"]

1. e4 c5 2. Nf3 e6 3. d4 cxd4 4. Nxd4 a6 5. Nc3 g6 6. g3 Bg7 7. Bg2 Ne7 8. Be3 O-O 9. O-O Nbc6 10. Nde2 b5 11. a3 Na5 12. b3 Bb7 13. Rc1 Rc8 14.
Bd4 e5 15. Be3 f5 16. f4 exf4 17. Bd4 Bxd4+ 18. Qxd4 fxe4 19. Nxe4 Nf5 20. Qd3 Qb6+ 21. Kh1 Ne3 22. Rxf4 Nxg2 23. Kxg2 Rxf4 24. Nxf4 Re8 25. Re1 d5 26. Nf6+ Qxf6 27. Rxe8+ Kf7 28. Re2 d4+ 29. Kg1 Qc6 30. Ng2 Qd5 31. Rf2+ Kg7 32. Qd2 Nc6 33. Qf4 Ne5 34. Qf6+ Kg8 35. Kf1 Nf3 36. Rxf3 Qxf3+ 37. Qxf3 Bxf3 38. Ne1 Be4 39. Kf2 Kf7 40. Ke2 Ke6 41.
Nd3 Kd5 42. Kd2 Bxd3 43. Kxd3 a5 44. h3 b4 45. axb4 axb4 46. g4 1-0

[Event "*** Titled Tuesday Blitz"]
[Site "Chess.com"]
[Date "2020.11.10"]
[Round "8"]
[White "Ural_bogatyr"]
[Black "tsaruk_maks"]
[Result "1/2-1/2"]
[WhiteElo "2413"]
[BlackElo "2621"]
[TimeControl "180+1"]
[EndTime "11:34:07 PST"]
[Termination "Game drawn - insufficient material"]

1. e4 e5 2. Nf3 Nc6 3. Bb5 a6 4.
Bxc6 dxc6 5. O-O Qd6 6. Na3 b5 7. c3 c5 8. Nc2 Bg4 9. d4 cxd4 10. cxd4 exd4 11. Ncxd4 c5 12. Nf5 Qxd1 13. Rxd1 Nf6 14. h3 Bxf5 15. exf5 Be7 16. Re1 Ra7 17. Ne5 Rc7 18.
Bf4 Nd5 19. Bg3 f6 20. Rad1 fxe5 21. Rxd5 Kf7 22. Bxe5 Rb7 23. Red1 Rc8 24. Rd7 Rxd7 25. Rxd7 Rc6 26. g4 c4 27. a3 a5 28. Rb7 b4 29.
axb4 axb4 30. Bxg7 Kxg7 31. Rxe7+ Kf6 32. Re1 Kg5 33.
Kg2 c3 34. bxc3 bxc3 35. Kg3 c2 36. f4+ Kf6 37. Rc1 Rc3+ 38. Kg2 h6 39. h4 Rc4 40. g5+ hxg5 41. fxg5+ Kxf5 42. Kf3 Rxh4 43. Rxc2 Rh3+ 44. Kg2 Rh5 45. Rc5+ Kg6 46. Kg3 Rxg5+ 47. Rxg5+ Kxg5 1/2-1/2

[Event "*** Titled Tuesday Blitz"]
[Site "Chess.com"]
[Date "2020.11.10"]
[Round "8"]
[White "Marianov_Podstavnikov"]
[Black "SharapovEvgeny"]
[Result "1/2-1/2"]
[WhiteElo "2264"]
[BlackElo "2465"]
[TimeControl "180+1"]
[EndTime "11:34:08 PST"]
[Termination "Game drawn by agreement"]

1. e4 c5 2. Nf3 d6 3. Bb5+ Nd7 4. d4 cxd4 5. Qxd4 e5 6. Qd3 h6 7. c4 Nf6 8. O-O Be7 9. Nc3 O-O 10. Bxd7 Bxd7 11. b3 a6 12. a4 Be6 13. Ba3 Nd7 14. Rfd1 Qb6 15. Rab1 Nc5 16. Qe3 Rfd8 17. b4 Nd7 18.
Qe2 a5 19. bxa5 Qxa5 20. Bb4 Qa6 21. Nb5 Qxa4 22. Nxd6 Bxd6 23. Rxd6 Qa2 24. Qxa2 Rxa2 25. Nxe5 Rda8 26. Nxd7 Ra1 27. Rbd1 Rxd1+ 28. Rxd1 Bxd7 29. h3 Be6 30. c5 Ra4 31. Rb1 Bc4 32. Bc3 Ra3 33. Bd4 Rb3 34. Rc1 Bd3 35. f3 Rb1 36. Rxb1 Bxb1 37. Kf2 f5 38. exf5 Bxf5 39. Ke3 Kf7 40.
Kf4 Bd7 41. Ke5 Bc6 42. Kd6 h5 43. h4 g6 44. Ke5 Bb5 45. Kf4 Bc6 46. g4 hxg4 47.
fxg4 Kg8 48. Kg5 Kh7 49. Kf6 Bd7 50. Kg5 Be6 51. Kf6 Bxg4 52. Kg5 Bh5 53. Be3 1/2-1/2

[Event "*** Titled Tuesday Blitz"]
[Site "Chess.com"]
[Date "2020.11.10"]
[Round "8"]
[White "Mambastik-Fantastic"]
[Black "Ariadna_Atreides"]
[Result "1-0"]
[WhiteElo "2288"]
[BlackElo "2100"]
[TimeControl "180+1"]
[EndTime "11:34:08 PST"]
[Termination "Mambastik-Fantastic won on time"]

1. e4 c5 2. Nf3 d6 3. d4 cxd4 4. Nxd4 Nf6 5. Nc3 Nc6 6. Be2 e5 7. Nf3 Be7 8. Bg5 O-O 9. Bxf6 Bxf6 10. h3 Be7 11. O-O f5 12. Bc4+ Kh8 13. Re1 fxe4 14. Nxe4 Bf5 15. Ng3 Bg6 16. c3 a6 17. a4 Qc7 18. Bd3 Bxd3 19. Qxd3 Na5 20. Nf5 Nb3 21. Ra3 Nc5 22. Qc2 e4 23. N3d4 g6 24. Ne3 Bh4 25. Re2 Qf7 26. g3 Bg5 27. b4 Nd3 28. Ng4 h5 29.
Nh2 Rae8 30. Nf1 h4 31. c4 hxg3 32. Nxg3 Nf4 33. Rxe4 Nxh3+ 34. Kg2 Rxe4 35. Nxe4 Nf4+ 36. Kf1 Bh4 37. Qc3 Kh7 38. Nf3 Qe7 39. Qd4 Re8 40.
Re3 Ne6 41. Qxd6 g5 42. Nxh4 gxh4 43. Qe5 Qg7 44. Nf6+ Kh6 45. Nxe8 Qd7 46. Nf6 Qd1+ 47. Kg2 1-0

[Event "*** Titled Tuesday Blitz"]
[Site "Chess.com"]
[Date "2020.11.10"]
[Round "8"]
[White "MariaFominykh"]
[Black "HanSchut"]
[Result "1-0"]
[WhiteElo "2355"]
[BlackElo "2213"]
[TimeControl "180+1"]
[EndTime "11:34:09 PST"]
[Termination "MariaFominykh won on time"]

1. d4 Nf6 2. c4 g6 3. Nc3 d5 4. cxd5 Nxd5 5. Bd2 Nb6 6. e3 Bg7 7. Nf3 Nc6 8. Be2 e5 9. dxe5 Nxe5 10. Nxe5 Bxe5 11.
O-O O-O 12. e4 Be6 13. Bh6 Qxd1 14. Rfxd1 Rfd8 15. Rac1 Nc4 16. b3 Rxd1+ 17. Nxd1 Nb6 18. Be3 c6 19. f4 Bg7 20. Nf2 Rd8 21. Rd1 Rxd1+ 22. Bxd1 Bf8 23. Nd3 Nd7 24. Bxa7 b6 25.
a4 f5 26. e5 Bd5 27. Kf2 Kf7 28. g4 Ke6 29. Ke3 Be4 30. b4 Bxd3 31. Bb3+ Ke7 32.
Kxd3 fxg4 33. a5 bxa5 34. bxa5 Kd8 35. Kc4 Kc8 36. Bf2 Kb7 37. e6 Nf6 38. Bd4 Ne4 39.
Be5 Nd6+ 40. Kd3 Be7 41. Ba4 c5 42. Bd1 Kc6 43. Bxg4 Kd5 44. Bf3+ Kxe6 45. a6 c4+ 46. Kd4 c3 47. Kxc3 Nb5+ 48. Kc4 Nd6+ 49. Kc5 Nc8+ 50. Kc6 1-0

[Event "*** Titled Tuesday Blitz"]
[Site "Chess.com"]
[Date "2020.11.10"]
[Round "8"]
[White "shnitez"]
[Black "IceBelka"]
[Result "1-0"]
[WhiteElo "2532"]
[BlackElo "2334"]
[TimeControl "180+1"]
[EndTime "11:34:10 PST"]
[Termination "shnitez won on time"]

1. e4 c6 2. d4 d5 3. e5 Bf5 4. h4 h5 5. Bg5 Qb6 6. Bd3 Bxd3 7.
Qxd3 Qxb2 8. e6 f6 9. Bd2 Qxa1 10. Qb3 Qxd4 11. Qxb7 Qb6 12. Qxa8 Qxb1+ 13. Ke2 Qb5+ 14. Ke1 g6 15. Rh3 Qb1+ 16. Ke2 Qb5+ 17. Kd1 Bh6 18. Rb3 Qf1+ 19. Be1 Kf8 20. Qxb8+ Kg7 21. Qe8 Bf4 22. Nh3 Bd6 23. Qf7+ Kh6 24. Rg3 Bxg3 25. fxg3 Rh7 26. Qxg8 Rg7 27. Qh8+ Rh7 28. Qf8+ Rg7 29. Qh8+ Rh7 30. Qe8 Rg7 31. Nf4 Kh7 32. Qxc6 Qg1 33.
Qxd5 Qb6 34. Bd2 Qb1+ 35. Ke2 Qg1 36. Nxh5 gxh5 37. Qxh5+ Kg8 38. Qe8+ Kh7 39. Qh5+ Kg8 40. Qf3 Qd4 41. Bf4 Qc4+ 42. Kf2 Qxe6 43. Qa8+ Kh7 44. a4 Qc4 45. Qxa7 Rg8 46. Kg1 Qxc2 47. Qxe7+ Rg7 48. Qxf6 Qxa4 49. Kh2 Qe4 50. Qh6+ 1-0

[Event "*** Titled Tuesday Blitz"]
[Site "Chess.com"]
[Date "2020.11.10"]
[Round "8"]
[White "Sueetin"]
[Black "biostatistician"]
[Result "0-1"]
[WhiteElo "2308"]
[BlackElo "2528"]
[TimeControl "180+1"]
[EndTime "11:34:11 PST"]
[Termination "biostatistician won on time"]

1. c4 Nf6 2. g3 g6 3. Bg2 Bg7 4. Nc3 O-O 5. e4 c5 6. Nge2 Nc6 7. O-O d6 8. d3 Ne8 9. Be3 Nc7 10. d4 cxd4 11. Nxd4 Nxd4 12. Bxd4 Bxd4 13. Qxd4 Ne6 14. Qd2 Bd7 15. Rad1 Bc6 16. Qh6 Qa5 17. Nd5 Bxd5 18. exd5 Ng7 19. Rd4 Nf5 20. Qd2 Qxd2 21. Rxd2 Rfc8 22.
b3 Rc5 23. a4 a6 24. Ra1 Rb8 25. Bf1 h5 26. b4 Rc7 27. a5 Rbc8 28. Re1 Kf8 29. h3 Rb8 30. Kh2 b6 31. axb6 Rxb6 32.
b5 Rc5 33. Rb1 Kg7 34. Be2 Kf6 35. g4 hxg4 36. hxg4 Nh4 37. Kg3 g5 38. f4 Ng6 39.
fxg5+ Kxg5 40. Rf1 Ne5 41. Rf5+ Kg6 42. Kf4 Nxc4 43.
Rg5+ Kf6 44. Rf5+ Kg7 45. Rg5+ Kf8 46. Bxc4 Rxc4+ 47. Kf5 Rxb5 48. Rh5 e6+ 49. Kf6 Rf4+ 50. Kg5 Rf1 51. Rh8+ Ke7 52. Ra8 Rxd5+ 53. Rxd5 exd5 54. Rxa6 Ke6 0-1

[Event "*** Titled Tuesday Blitz"]
[Site "Chess.com"]
[Date "2020.11.10"]
[Round "8"]
[White "TimofeevAr"]
[Black "jefferyx"]
[Result "0-1"]
[WhiteElo "2854"]
[BlackElo "2978"]
[TimeControl "180+1"]
[EndTime "11:34:13 PST"]
[Termination "jefferyx won by resignation"]

1. c4 c5 2. Nc3 g6 3. g3 Bg7 4. Bg2 Nc6 5. d3 b6 6. Qd2 Bb7 7. b3 f5 8. Bb2 Nf6 9. Nf3 O-O 10. O-O d6 11. Ng5 Qd7 12. Nd5 Rae8 13. Rae1 e6 14.
Nxf6+ Bxf6 15. Bxf6 Rxf6 16. e3 h6 17. Nf3 e5 18. Qc3 Qg7 19. Nd2 Kh7 20. a3 Nd8 21. Bd5 Bxd5 22. cxd5 Qb7 23. e4 f4 24. f3 Nf7 25. g4 h5 26. h3 Qe7 27. Kg2 Nd8 28.
Nc4 Rff8 29. Qd2 Nf7 30. a4 Rb8 31. Qf2 Kg7 32. Rg1 Rh8 33. Rh1 Kf8 34. Rc1 Ke8 35. Rcg1 Kd7 36. Kf1 hxg4 37. hxg4 Ng5 38. Qg2 Qg7 39. Rxh8 Rxh8 40. Rh1 Rh6 41. Rxh6 Qxh6 42.
Nd2 a6 43. Ke2 b5 44. a5 Qh4 45. Kf1 Qh3 46. Qxh3 Nxh3 47. Ke2 Ng5 48. b4 cxb4 49. Nb3 Nf7 50. Kd1 Nd8 51. Kc2 Nb7 52. Kd2 Ke7 53.
d4 Kf6 54. Kd3 Kg5 55. dxe5 dxe5 56. Ke2 Kh4 57. Kf2 Kh3 58. d6 Nxd6 59. Nc5 Nc4 60. Nxa6 b3 0-1

[Event "*** Titled Tuesday Blitz"]
[Site "Chess.com"]
[Date "2020.11.10"]
[Round "8"]
[White "monalize"]
[Black "Lenyas66"]
[Result "1/2-1/2"]
[WhiteElo "2310"]
[BlackElo "2458"]
[TimeControl "180+1"]
[EndTime "11:34:13 PST"]
[Termination "Game drawn - insufficient material"]

1. e4 e6 2. d4 d5 3. Nd2 Nf6 4. e5 Nfd7 5. Bd3 c5 6. c3 Nc6 7. Ne2 cxd4 8. cxd4 f6 9. exf6 Nxf6 10. Nf3 Bd6 11. O-O Qc7 12. b3 O-O 13. Bb2 Bd7 14. Rc1 Be8 15. Ng3 Bxg3 16. fxg3 Bh5 17. Qe1 Rae8 18.
Ne5 Qb6 19. Qe3 Ng4 20. Nxg4 Bxg4 21. Rxf8+ Rxf8 22. h3 Bf5 23. Bxf5 exf5 24. Qe6+ Kh8 25. Qxd5 h6 26. Qc5 Qxc5 27. Rxc5 Rd8 28. Rxf5 Nxd4 29. Rf7 Ne6 30. Rxb7 Rd2 31. Be5 Rxa2 32. Re7 Ra6 33. g4 Kg8 34. Rb7 g5 35. Kf2 Nc5 36. Rb8+ Kf7 37.
Bd4 Nd3+ 38. Ke3 Nf4 39. Rb7+ Ke6 40. Rxa7 Rd6 41. g3 Nxh3 42. Rh7 Kd5 43. Bg7 Rb6 44.
Rxh6 Rxb3+ 45. Ke2 Rxg3 46. Bf6 Nf4+ 47. Kf2 Rxg4 48.
Kf3 Rg1 49. Bxg5 Nd3 50. Be3 Ne5+ 51. Ke2 Rg2+ 52. Kf1 Ra2 53. Rh4 Nc4 54. Rd4+ Kc5 55. Re4+ Kb4 56. Bf4 Kc3 57. Re2 Rxe2 58. Kxe2 1/2-1/2

[Event "*** Titled Tuesday Blitz"]
[Site "Chess.com"]
[Date "2020.11.10"]
[Round "8"]
[White "KuzubovYuriy"]
[Black "mirciulica14"]
[Result "1-0"]
[WhiteElo "2835"]
[BlackElo "2640"]
[TimeControl "180+1"]
[EndTime "11:34:15 PST"]
[Termination "KuzubovYuriy won by resignation"]

1. d4 Nf6 2. Nf3 e6 3. c4 Bb4+ 4. Bd2 a5 5. g3 b6 6. Bg2 Bb7 7. O-O O-O 8. Bf4 Be7 9. Nc3 Ne4 10. Qd3 Nxc3 11. bxc3 f5 12. Rfe1 d6 13. Qb1 Nd7 14.
Ng5 Bxg5 15. Bxb7 Rb8 16. Bxg5 Qxg5 17. Bg2 e5 18. Qb5 Qe7 19. Qc6 Nf6 20. Rab1 e4 21. Rb5 Qd7 22. Qxd7 Nxd7 23. f3 e3 24. f4 g6 25. Bc6 Nf6 26. Kg2 Rf7 27. c5 dxc5 28. dxc5 Re7 29. Rd1 Re6 30. Bf3 Ne4 31. Bxe4 Rxe4 32.
Rd7 Rc8 33. Kf3 Ra4 34. cxb6 cxb6 35. Rxb6 Rxa2 36. Rbb7 Rc2 37. Rg7+ Kf8 38. Rxh7 Kg8 39. Rbg7+ Kf8 40. Rxg6 R2xc3 41. Ra6 R3c7 42. Rxc7 Rxc7 43. Rxa5 Rf7 44. Kxe3 Kg7 45. Kf3 Kg6 46. h3 Rc7 47. g4 Rc3+ 48. e3 fxg4+ 49. hxg4 Rc1 50. g5 Rc4 51. Kg4 Re4 52. Re5 Ra4 53. e4 Ra1 54. f5+ Kf7 55. Re6 Rg1+ 56. Kf4 Rf1+ 57. Ke5 Ra1 58. g6+ Kg7 59. Re7+ Kh6 60. Rh7+ Kg5 61.
g7 Ra8 62. Rh8 Ra5+ 63. Kd6 Ra6+ 64. Kc5 Ra5+ 65. Kb4 1-0

[Event "*** Titled Tuesday Blitz"]
[Site "Chess.com"]
[Date "2020.11.10"]
[Round "8"]
[White "lefonghua"]
[Black "Chernov_Mikhail"]
[Result "1/2-1/2"]
[WhiteElo "2476"]
[BlackElo "2352"]
[TimeControl "180+1"]
[EndTime "11:34:15 PST"]
[Termination "Game drawn - insufficient material"]

1. d4 d5 2. c4 c6 3. Nf3 Nf6 4. Nc3 e6 5. e3 Nbd7 6. Bd3 dxc4 7. Bxc4 b5 8. Bd3 Bb7 9. O-O a6 10. a3 c5 11. Qe2 Be7 12. Rd1 Qc7 13. e4 cxd4 14.
Nxd4 O-O 15. Bg5 Rac8 16. Rac1 Qb8 17. Bh4 Qa8 18. e5 Nd5 19. Nxd5 Bxh4 20. Nc7 Qb8 21. Qh5 g6 22. Qxh4 Rxc7 23. f4 Rxc1 24. Rxc1 Qa7 25. Qf2 Rd8 26. Nc6 Qxf2+ 27. Kxf2 Bxc6 28. Rxc6 Nxe5 29. fxe5 Rxd3 30. Rxa6 Rb3 31. Rb6 Kg7 32. Rb7 g5 33. h3 h5 34. g3 Kg6 35. Kg2 Rxb2+ 36. Kf3 Rb3+ 37. Kf2 g4 38. hxg4 hxg4 39. Kg2 Rb2+ 40. Kf1 Rb3 41. Kf2 Rxa3 42. Rxb5 Kf5 43. Rb4 Rf3+ 44. Kg2 Re3 45. Rf4+ Kg6 46. Rxg4+ Kf5 47.
Rf4+ Kxe5 48. Rxf7 Ra3 49. g4 Ke4 50. g5 e5 51. g6 Ra6 52. g7 Rg6+ 53. Kf2 Kd5 54. Ke3 Ke6 55. Ra7 Kf6 56. Ke4 Rxg7 57. Rxg7 Kxg7 58.
Kxe5 1/2-1/2

[Event "*** Titled Tuesday Blitz"]
[Site "Chess.com"]
[Date "2020.11.10"]
[Round "8"]
[White "Lady_Nika"]
[Black "martynkovaelena"]
[Result "0-1"]
[WhiteElo "2356"]
[BlackElo "2268"]
[TimeControl "180+1"]
[EndTime "11:34:15 PST"]
[Termination "martynkovaelena won by checkmate"]

1. d4 Nf6 2. e3 d5 3. f4 g6 4.
Nf3 Bg7 5. Bd3 O-O 6. O-O c5 7. c3 Nc6 8. Qe2 b6 9. Nbd2 Bb7 10. Ne5 e6 11. Rf3 Nd7 12. Rh3 Ndxe5 13. fxe5 f6 14.
exf6 Qxf6 15. Nf3 e5 16. dxe5 Nxe5 17. Nxe5 Qxe5 18. Bd2 Rae8 19. Re1 c4 20. Bc2 Bc8 21.
Rg3 Bf5 22. Bxf5 Rxf5 23. e4 dxe4 24. Qxc4+ Qe6 25. Qe2 Rd5 26. Bc1 Qf5 27. Rf1 Qd7 28.
Re3 Rde5 29. b3 Bh6 30. Rg3 Bxc1 31. Rxc1 e3 32. Rf1 Qd2 33. Qc4+ Qd5 34. Qc7 R5e7 35. Qc4 Qxc4 36. bxc4 e2 37. Re1 Re3 38. Kf2 Rxg3 39. hxg3 Rc8 40. Rxe2 Rxc4 41. Re8+ Kf7 42. Re3 Rc7 43.
Ke2 Kf6 44. Kd3 Kf5 45. c4 h5 46. Kc3 g5 47. Kd4 Kg4 48. Ra3 Rd7+ 49. Ke5 Rd2 50. Rxa7 Kxg3 51. Rg7 g4 52. a4 h4 53. Kf5 Rf2+ 54. Ke4 Rxg2 55. Ke3 h3 56. a5 bxa5 57. c5 h2 58. Rh7 Rg1 59. c6 h1=Q 60. Rxh1 Rxh1 61. c7 Rc1 62. c8=Q Rxc8 63. Kd4 Kh2 64. Ke3 g3 65. Kf4 g2 66. Ke5 g1=Q 67. Kd6 Qg6+ 68. Ke5 Rc5+ 69. Kd4 Qd6+ 70. Ke3 Re5+ 71. Kf2 Qf6# 0-1